 Dungeon Crawl Stone Soup version 0.24.0-13-gcf9b3192b9 (webtiles) character file.

Game seed: 5844326341289465667, levelgen mode: deterministic

30 Aviak the Insei (level 3, -1/21 HPs)
             Began as a Tengu Transmuter on Nov 10, 2019.
             Slain by an adder (3 damage)
             ... on level 2 of the Dungeon.
             The game lasted 00:02:04 (1674 turns).

Aviak the Insei (Tengu Transmuter)                  Turns: 1674, Time: 00:02:05

Health: -1/21      AC:  5    Str:  9 (10) XL:     3   Next: 18%
Magic:  7/7        EV: 11    Int: 12 (13) God:
Gold:   76         SH:  0    Dex: 15 (17) Spells: 5/6 levels left

rFire    + . .     SeeInvis .   h - -1 short sword (curse)
rCold    + . .     Gourm    .   (no shield)
rNeg     . . .     Faith    .   l - +0 ring mail
rPois    .         Spirit   .   (helmet restricted)
rElec    .         Reflect  .   (no cloak)
rCorr    .         Harm     .   (no gloves)
MR       .....                  (boots unavailable)
Stlth    +.........             (no amulet)
HPRegen  0.07/turn              (no ring)
MPRegen  0.10/turn              (no ring)

@: lethally poisoned (-1 -> -9)
A: beak, talons 3, agile 1, cold resistance 1, fire resistance 1
a: no special abilities


You were on level 2 of the Dungeon.
You were hungry.

You visited 1 branch of the dungeon, and saw 2 of its levels.

You collected 76 gold pieces.

Inventory:

Hand Weapons
 h - a cursed -1 short sword (weapon)
 k - a +1 mace
Missiles
 a - 57 arrows
Armour
 b - a +0 robe
 g - a +0 leather armour
 l - a +0 ring mail (worn)
Scrolls
 c - a scroll of teleportation {unknown}
 n - a scroll of amnesia {unknown}
 p - a scroll of remove curse {unknown}
Potions
 m - a potion of lignification {unknown}
 o - a potion of magic
Comestibles
 d - 2 rations


   Skills:
 + Level 2.2 Fighting
 + Level 3.1 Dodging
 - Level 3.2 Unarmed Combat
 - Level 2.0 Spellcasting
 - Level 1.5 Transmutations


You had 5 spell levels left.
You knew the following spells:

 Your Spells              Type           Power        Failure   Level  Hunger
a - Beastly Appendage     Tmut           #.....       38%         1    ##.....

Your spell library contained the following spells:

 Spells                   Type           Power        Failure   Level  Hunger
 Sticks to Snakes         Tmut           #.......     52%         2    ###....
 Spider Form              Tmut/Pois      #.........   86%         3    ####...
 Ice Form                 Ice/Tmut       #.......     99%         4    #####..
 Blade Hands              Tmut           #.........   100%        5    ######.


Dungeon Overview and Level Annotations

Branches:
Dungeon (2/15)

Altars:


Innate Abilities, Weirdness & Mutations

You have a beak for a mouth.
You have claws for feet.
You are agile. (Dex +2)
Your flesh is cold resistant. (rC+)
Your flesh is heat resistant. (rF+)


Message History

Unknown command.
It was a potion of degeneration.
There was something very wrong with that liquid.
You feel weakened.
You feel dopey.
You feel clumsy.
* * * LOW HITPOINT WARNING * * *
You feel sick. The adder bites you but does no damage.
Unknown command.
It was a potion of magic.
Magic courses through your body. The adder bites you but does no damage.
It was a potion of mutation.
You feel extremely strange.
You feel resistant to cold.
You feel agile.
You feel resistant to heat.
* * * LOW HITPOINT WARNING * * *
You feel sick. The adder bites you but does no damage.
It was a potion of cancellation.
Your magical effects are unravelling.
You feel magically purged.
Your magical contamination has completely faded away.
You feel yourself slow down. The adder bites you.
You die...

.#. #. .......
..#.# #### ....
#####
.....##.####......
.....#....<...###
...$..............
#...........#.####
.......@....# #
......S.....#
............#
<..........##
####.##...... ..
#+###### .. ...


You could see an adder.

Vanquished Creatures
  3 dart slugs (D:1)
  A leopard gecko (D:1)
  A bat (D:1)
  A giant cockroach (D:1)
  4 goblins (D:1)
  4 hobgoblins (D:1)
  2 kobolds (D:1)
  5 rats (D:1)
21 creatures vanquished.

Notes
Turn   | Place    | Note
-------+----------+-------------------------------------------
     0 | D:1      | Aviak the Tengu Transmuter began the quest for the Orb.
     0 | D:1      | Reached XP level 1. HP: 12/12 MP: 4/4
   719 | D:1      | Reached XP level 2. HP: 8/16 MP: 6/6
  1396 | D:1      | Reached XP level 3. HP: 19/21 MP: 7/7
  1673 | D:2      | Gained mutation: Your flesh is cold resistant. (rC+)
                  | [potion of mutation]
  1673 | D:2      | Gained mutation: You are agile. (Dex +2) [potion of
                  | mutation]
  1673 | D:2      | Gained mutation: Your flesh is heat resistant. (rF+)
                  | [potion of mutation]
  1674 | D:2      | Slain by an adder

Levels and vault maps discovered:
D:1:      minmay_arrival_up_and_down, layout_loops_ring
D:2:      layout_basic, uniq_terence, uniq_jessica

Skill      XL: |  1  2 |
---------------+-------+-----
Fighting       | 2 |  2.2
Dodging        | 3 |  3.1
Unarmed Combat | |  3.2
Spellcasting   | |  2.0
Transmutations | |  1.5

Action                   || total
-------------------------++-------
Melee: Unarmed           ||    17
       Kick              ||    17
       Peck              ||     9
       Headbutt          ||     4
       Short sword       ||    48
 Cast: Beastly Appendage ||     6
  Use: Scroll            ||     1
       Potion            ||     5
  Eat: Chunk             ||     2
Armor: Ring mail         ||    22
       Robe              ||     1
Dodge: Dodged            ||    30
